 Dungeon Crawl Stone Soup version 0.18-a0-1045-g4e042de (webtiles) character file.

3847 Leszczynek the Nimble (level 9, 33/39 HPs)
             Began as a Spriggan Fire Elementalist on Jan 11, 2016.
             Was a Believer of Dithmenos.
             Quit the game on level 1 of the Lair of Beasts.
             The game lasted 00:49:44 (8554 turns).

Leszczynek the Nimble (Spriggan Fire Elementalist)  Turns: 8554, Time: 00:49:45

Health: 33/39      AC:  3    Str:  4    XL:     9   Next: 98%
Magic:  15/15      EV: 28    Int: 17    God:    Dithmenos [**....]
Gold:   474        SH:  0    Dex: 19    Spells: 0 memorised, 13 levels left

rFire  + . .     SeeInvis +     x - +0 dagger
rCold  . . .     Gourm    .     r - +0 robe
rNeg   + . .     Faith    .     (shield restricted)
rPois  .         Spirit   .     (helmet restricted)
rElec  .         Dismiss  .     F - +0 cloak (curse)
rCorr  .         Reflect  .     (gloves unavailable)
SustAt .         Harm     .     (boots unavailable)
MR     +....                    g - amulet of rage
Stlth  +++++++...               M - ring of protection from fire
                                q - ring of positive energy

@: wreathed by umbra, very quick, somewhat resistant to hostile enchantments,
extremely stealthy
A: unfitting armour, see invisible, herbivore 3, speed 3, slow metabolism 2
a: Shadow Step, Renounce Religion, Evoke Berserk Rage


You were on level 1 of the Lair of Beasts.
You worshipped Dithmenos.
Dithmenos was pleased with you.
You were not hungry.

You visited 3 branches of the dungeon, and saw 12 of its levels.

You collected 627 gold pieces.
You spent 153 gold pieces at shops.

Inventory:

Hand Weapons
 a - a +1 short sword
 b - a +0 blowgun
 x - a +0 dagger (weapon)
Missiles
 d - 276 stones (quivered)
 o - 166 arrows
 p - 47 sling bullets
 t - 14 arrows of dispersal
 w - 10 poisoned needles
Armour
 r - a +0 robe (worn)
 F - a cursed +0 cloak (worn)
Jewellery
 f - an uncursed ring of ice
 g - an amulet of rage (around neck)
 q - a ring of positive energy (left hand)
 D - an uncursed ring of fire {unknown}
 H - an uncursed ring of magical power
 J - an uncursed ring of positive energy
 M - a ring of protection from fire (right hand)
Wands
 h - a wand of disintegration (7/24)
 k - a wand of hasting (3/9)
 s - a wand of enslavement (13/24)
 u - a wand of teleportation (7/9)
 G - a wand of paralysis (10/24)
Scrolls
 l - 3 scrolls of identify
 y - 3 scrolls of remove curse
 B - 2 scrolls of fear
 C - 4 scrolls of teleportation
 E - 2 scrolls of recharging
 K - 2 scrolls of vulnerability
Potions
 e - a potion of invisibility
 i - 3 potions of curing
 j - a potion of resistance {unknown}
 m - a potion of lignification {unknown}
 n - 2 potions of ambrosia
 v - 3 potions of cure mutation
 z - a potion of haste {unknown}
 A - a potion of cancellation {unknown}
 L - a potion of magic {unknown}
 N - a potion of degeneration {unknown}
Books
 P - a book of the Sky

   Spells                             Type                      Level
   a - Summon Lightning Spire         Summoning/Air                4
   b - Airstrike                      Air                          4
   c - Silence                        Hexes/Air                    5
   d - Deflect Missiles               Charms/Air                   6
   e - Conjure Ball Lightning         Conjuration/Air              6
   f - Tornado                        Air                          9
 Q - a Young Poisoner's Handbook

   Spells                             Type                      Level
   a - Sting                          Conjuration/Poison           1
   b - Cure Poison                    Poison                       2
   c - Mephitic Cloud                 Conjuration/Poison/Air       3
   d - Olgreb's Toxic Radiance        Poison                       4
   e - Venom Bolt                     Conjuration/Poison           5
Comestibles
 c - 9 bread rations
 I - 6 slices of pizza
 O - 2 fruits


   Skills:
 + Level 9.3 Short Blades
 - Level 11.2 Dodging
 * Level 10.2 Stealth
 - Level 2.6 Spellcasting
   Level 0.6 Conjurations
   Level 2.4 Fire Magic
 + Level 7.4 Evocations


You had 13 spell levels left.
You didn't know any spells.

Dungeon Overview and Level Annotations

Branches:
Dungeon (10/15)            Temple (1/1) D:5            Lair (1/8) D:10
    Orc: D:9-12

Altars:
Ashenzari
Cheibriados
Dithmenos
Fedhas
Gozag
Makhleb
Nemelex Xobeh
Pakellas
Qazlal
Ru
Trog
Vehumet
Xom
Yredelemnul
Zin
The Shining One

Shops:
D:5 !=*   D:7 *

Annotations:
D:4 Robin
D:6 Eustachio
D:9 1 runed door


Innate Abilities, Weirdness & Mutations

You are tiny and cannot use many weapons and most armour.
You have supernaturally acute eyesight.
You are a herbivore.
You cover ground extremely quickly.
You need consume almost no food.


Message History

A komodo dragon comes into view.
An iguana comes into view.
The iguana hisses angrily.
You hit the iguana.
The iguana is lightly wounded.
A hippogriff comes into view.
The iguana bites you!
You hit the iguana but do no damage.
The iguana is lightly wounded.
You completely miss the iguana.
The iguana is lightly wounded.
The iguana misses you.
You hit the iguana but do no damage.
The iguana is lightly wounded.
You hit the iguana but do no damage.
The iguana is lightly wounded.
The iguana completely misses you.
You hit the iguana.
The iguana is moderately wounded.
Are you sure you want to abandon this character and quit the game? (Confirm with "yes".)

#### ###. .. #... H##
#######>. .P# #........## ..##
..........##...#
##..≈≈≈≈≈.##..l.....## #.#.#.
#.≈≈≈≈≈≈≈≈(.#@##.##.P# ......
#.≈≈≈≈≈≈≈≈.##.#..##.## #..P.##
#.≈≈≈≈≈≈≈≈≈.#.##.#..# ##......
#.≈≈≈≈≈≈≈≈≈...##..#.###...P..#
#.≈...≈≈≈....<.............##
#.≈.>.≈≈.≈....###..##l.....##
#........≈.....P#............
#.........................###
##.#...###........#...#...#..


You could see an iguana.

Vanquished Creatures
  A hill giant (D:10)
  Grinder (D:5)
  2 yaks (D:9)
  A human (D:7)
  3 water moccasins (Lair:1)
  An orc warrior (D:10)
  A porcupine (Lair:1)
  A phantom (D:6)
  4 ogres
  5 centaurs
  3 crocodiles
  2 giant frogs
  A scorpion (D:3)
  A killer bee (D:10)
  A wight (D:5)
  A wasp zombie (D:8)
  A crimson imp (D:9)
  A giant frog zombie (D:9)
  3 hounds
  2 orc wizards (D:5)
  2 giant frog skeletons
  2 iguanas (D:6)
  3 worker ants
  4 sheep (D:7)
  A hound zombie (D:5)
  2 hound skeletons
  9 gnolls
  10 river rats
  7 adders
  A shadow imp (D:8)
  2 oozes
  2 adder zombies (D:2)
  2 adder skeletons
  A worm (D:2)
  5 giant geckos
  3 orcs
  A bat skeleton (D:2)
  A bat zombie (D:2)
  3 giant cockroaches
  12 goblins
  10 hobgoblins
  3 jackals (D:4)
  2 quokkas (D:2)
  3 ball pythons
  16 bats
  A giant gecko skeleton (D:6)
  7 giant newts
  A jackal skeleton (D:2)
  6 kobolds
  2 quokka skeletons
  18 rats
178 creatures vanquished.

Vanquished Creatures (others)
  3 fungi (Lair:1)
  2 plants (Lair:1)
5 creatures vanquished.

Grand Total: 183 creatures vanquished

Notes
Turn   | Place    | Note
--------------------------------------------------------------
     0 | D:1      | Leszczynek the Spriggan Fire Elementalist began the quest for the Orb.
     0 | D:1      | Reached XP level 1. HP: 9/9 MP: 5/5
   223 | D:1      | Reached skill level 4 in Stealth
   285 | D:1      | Reached XP level 2. HP: 8/13 MP: 0/6
   414 | D:1      | Reached skill level 5 in Stealth
   526 | D:1      | Reached XP level 3. HP: 16/16 MP: 8/8
   886 | D:2      | Reached skill level 6 in Stealth
  1145 | D:2      | Reached XP level 4. HP: 14/21 MP: 4/9
  1921 | D:3      | Reached skill level 7 in Stealth
  1999 | D:3      | Reached XP level 5. HP: 14/24 MP: 10/10
  2262 | D:4      | Noticed Robin
  2262 | D:4      | Noticed an ogre
  2309 | D:4      | Reached skill level 8 in Stealth
  2351 | D:4      | Reached skill level 5 in Dodging
  2492 | D:5      | Entered Level 5 of the Dungeon
  2570 | D:5      | Reached XP level 6. HP: 28/28 MP: 0/11
  2679 | D:5      | Reached skill level 9 in Stealth
  2692 | D:5      | Found a staircase to the Ecumenical Temple.
  2790 | D:5      | Reached skill level 1 in Short Blades
  2805 | Temple   | Entered the Ecumenical Temple
  2912 | Temple   | Became a worshipper of Dithmenos the Shadowed
  3067 | D:5      | Found Waisogit's Assorted Antiques.
  3070 | D:5      | Bought a lead wand for 68 gold pieces
  3070 | D:5      | Bought an ivory ring for 85 gold pieces
  3161 | D:5      | Reached XP level 7. HP: 17/32 MP: 12/12
  3237 | D:5      | Found Roug's Jewellery Boutique.
  3253 | D:5      | Noticed Grinder
  3254 | D:5      | Found Waihia Lopo's Distillery.
  3261 | D:5      | Killed Grinder
  3463 | D:6      | Found a bloodstained altar of Trog.
  3508 | D:6      | Found a bloodstained altar of Trog.
  3543 | D:6      | Noticed Eustachio
  3714 | D:6      | Found a sparkling altar of Nemelex Xobeh.
  3839 | D:6      | Reached XP level 8. HP: 11/36 MP: 13/13
  4131 | D:6      | Reached skill level 5 in Short Blades
  4433 | D:7      | Found Eclot Roeru's Assorted Antiques.
  4511 | D:7      | Found a glowing silver altar of Zin.
  4825 | D:7      | Reached skill level 1 in Evocations
  5425 | D:8      | Found a blossoming altar of Fedhas.
  5651 | D:8      | Reached * piety under Dithmenos
  6705 | D:9      | Reached skill level 10 in Dodging
  6771 | D:9      | Found a stormy altar of Qazlal.
  6828 | D:9      | Found a runed door.
  6908 | D:9      | Found a shimmering altar of Xom.
  6908 | D:9      | Found a shimmering altar of Xom.
  6908 | D:9      | Found a shimmering altar of Xom.
  6909 | D:9      | Found a shimmering altar of Xom.
  6909 | D:9      | Found a shimmering altar of Xom.
  6909 | D:9      | Found a shimmering altar of Xom.
  6909 | D:9      | Found a shimmering altar of Xom.
  6910 | D:9      | Found a shimmering altar of Xom.
  6910 | D:9      | Found a shimmering altar of Xom.
  6999 | D:9      | Reached XP level 9. HP: 39/39 MP: 14/14
  7119 | D:9      | Found a basalt altar of Yredelemnul.
  7237 | D:10     | Entered Level 10 of the Dungeon
  7606 | D:10     | Noticed a hill giant
  7644 | D:10     | Reached ** piety under Dithmenos
  7699 | D:10     | Reached skill level 5 in Evocations
  7821 | D:10     | Killed a hill giant
  7821 | D:10     | Reached skill level 11 in Dodging
  7830 | D:10     | Found a staircase to the Lair.
  7850 | Lair:1   | Entered Level 1 of the Lair of Beasts
  8189 | Lair:1   | Reached skill level 10 in Stealth
  8536 | Lair:1   | Noticed a komodo dragon
  8554 | Lair:1   | Quit the game

Vault maps used:
D:1:      dpeg_arrival_rooms_with_view, minivault_25, minmay_fountain_box,
          st_stairs_1
D:2:      first_bread, serial_undead, serial_undead_d, serial_undead_a,
          serial_undead_c, serial_undead_d, serial_undead_e, glass_columns_b
D:4:      wad_river_or_something, uniq_robin
D:5:      minmay_opposing_rooms, marbit_many_paths, minmay_temple_entry_trees,
          serial_shops, shop, nicolae_shop_window_shopping, shop,
          nicolae_shop_behind_doors, nicolae_shop_trees,
          minmay_misc_feat_more_columns, uniq_grinder
D:6:      lemuel_doored_altar, kennysheep_mini, trog_hazing_becter,
          uniq_eustachio
D:7:      overflow_temple_1_default, serial_shops, kennysheep_little_box,
          grunt_livestock
D:8:      minmay_tri_box, old_standard_altar
D:9:      lemuel_insect_pit, xom_shifter_show, old_standard_altar,
          nicolae_qazlal_eye_of_the_storm
D:10:     grunt_lair_entry_orc_guard_hut
Temple:   dpeg_five_rooms_temple_12
Lair:1:   grunt_megastairs_4, infiniplex_staircase_pool

Action                   |  1- 3 |  4- 6 |  7- 9 || total
-------------------------+-------+-------+-------++-------
Melee: Unarmed           |    21 |       |       ||    21
       Dagger            |    48 |    98 |    25 ||   171
       Short sword       |       |    15 |   500 ||   515
 Fire: Blowgun           |       |     4 |    28 ||    32
Throw: Stone             |     1 |       |     2 ||     3
 Cast: Flame Tongue      |    53 |    33 |       ||    86
 Abil: Evoke Berserk Rag |       |       |     1 ||     1
Evoke: Wand              |       |       |    17 ||    17
  Use: Scroll            |       |     3 |    20 ||    23
       Potion            |       |       |     1 ||     1
 Stab: Sleeping          |    11 |    23 |    23 ||    57
       Distracted        |     1 |     1 |     3 ||     5
       Paralysed         |       |       |     9 ||     9
  Eat: Royal jelly       |       |       |     2 ||     2
       Pizza             |       |       |     2 ||     2
